[Event "Titled Tuesday Blitz February 21 Early 2023"]
[White "Poeta, Caio Medeiros"]
[Black "Ozen, Bahadir"]
[WhiteFideId "2142660"]
[BlackFideId "6337058"]
[WhiteElo "2088"]
[BlackElo "2369"]
[Result "1-0"]
[Round "01"]
[TimeControl "180+2"]
[Date "2023.02.21"]
[WhiteClock "0:01:35"]
[BlackClock "0:01:01"]

1. d4 Nf6 2. c4 e6 3. g3 d5 4. Nf3 Be7 5. Bg2 O-O 6. O-O c6 7. Nbd2 b6 8. Qc2 Bb7 9. Rd1 Nbd7 10. e4 dxe4 11. Nxe4 Nxe4 12. Qxe4 Nf6 13. Qe2 Qc7 14. Bf4 Bd6 15. Ne5 c5 16. dxc5 Bxc5 17. Nd7 Qc8 18. Bxb7 Qxb7 19. Nxf8 Rxf8 20. Bd6 Rc8 21. Bxc5 bxc5 22. b3 h6 23. Rd3 a5 24. Rad1 Qb6 25. Rd6 Qc7 26. Qd2 Ne4 27. Rd8+ Kh7 28. Rxc8 Qxc8 29. Qd3 f5 30. Qd7 Qa8 31. Qxe6 Ng5 32. Qxf5+ Kh8 33. Rd5 Qe8 34. h4 Nf7 35. Rxc5 Nd6 36. Qe5 Qf8 37. Rxa5 Kh7 38. Rd5 Nf7 39. Qf5+ Kg8 40. Rd7 1-0


[Site "https://www.chess.com"]

[Event "Titled Tuesday Blitz February 21 Early 2023"]
[White "Pakleza, Zbigniew"]
[Black "Wahedi, Ahmad Siar"]
[WhiteFideId "1119290"]
[BlackFideId "4651260"]
[WhiteElo "2494"]
[BlackElo "2274"]
[Result "1-0"]
[Round "01"]
[TimeControl "180+2"]
[Date "2023.02.21"]
[WhiteClock "0:00:07"]
[BlackClock "0:00:21"]

1. d4 d5 2. Bf4 c5 3. e3 Nc6 4. c3 Nf6 5. Nd2 e6 6. Ngf3 Bd6 7. Bg3 Qc7 8. dxc5 Bxg3 9. hxg3 a5 10. a3 a4 11. Bb5 Qa5 12. Qe2 Bd7 13. O-O O-O 14. Rac1 Ne7 15. c4 Rfc8 16. Ne5 Be8 17. Bxe8 Nxe8 18. Nd3 Nf6 19. cxd5 exd5 20. Rc2 Qb5 21. Nf3 Ra5 22. Nd4 Qa6 23. Rfc1 Ne4 24. Qd1 h6 25. Nb4 Qf6 26. c6 bxc6 27. Qf3 c5 28. Nxd5 Nxd5 29. Qxe4 Nb6 30. Nf3 Rd8 31. Qf4 Qxf4 32. gxf4 Rb5 33. Rxc5 Rxb2 34. Rc7 Nd5 35. Ra7 Nf6 36. Rxa4 Ng4 37. Rf1 Ra2 38. Ne5 Nxe5 39. fxe5 Rd3 40. Ra8+ Kh7 41. a4 Rda3 42. Ra7 Kg6 43. Ra6+ Kh7 44. Ra7 Kg6 45. Ra6+ Kh7 46. g4 Rxa4 47. Rxa4 Rxa4 48. f3 g6 49. Kg2 g5 50. Kg3 Kg7 51. Rc1 Ra5 52. f4 Ra3 53. Kf3 Ra4 54. Rc7 Ra6 55. Rb7 Kg6 56. Rd7 Kg7 57. Ke4 Ra4+ 58. Kf5 gxf4 59. exf4 Ra6 60. Rc7 Rb6 61. Re7 Ra6 62. e6 Ra5+ 63. Ke4 Kf6 64. Rxf7+ Kxe6 65. Rh7 Ra4+ 66. Kf3 Ra3+ 67. Kg2 Ra2+ 68. Kg3 Ra3+ 69. Kh4 Rf3 70. Rxh6+ Kf7 71. Kg5 Kg7 72. Rd6 Rd3 73. Rxd3 1-0


[Site "https://www.chess.com"]

[Event "Titled Tuesday Blitz February 21 Early 2023"]
[White "UNSTOPPABLE_LEGEND"]
[Black "Movahed, Sina"]
[BlackFideId "42520835"]
[WhiteElo "2437"]
[BlackElo "2340"]
[Result "0-1"]
[Round "01"]
[TimeControl "180+2"]
[Date "2023.02.21"]
[WhiteClock "0:00:03"]
[BlackClock "0:00:10"]

1. d4 Nf6 2. c4 g6 3. Nc3 Bg7 4. e4 d6 5. h3 O-O 6. Be3 Nc6 7. d5 Ne5 8. f4 Ned7 9. g4 Re8 10. Nf3 e6 11. dxe6 Rxe6 12. Bd3 Re8 13. Qd2 b6 14. g5 Nh5 15. Rg1 Nc5 16. Bxc5 bxc5 17. O-O-O Rb8 18. f5 Bd4 19. Nxd4 cxd4 20. Nd5 c6 21. Nf4 Nxf4 22. Qxf4 Re5 23. h4 Qa5 24. a3 Ba6 25. h5 Rbe8 26. hxg6 fxg6 27. Rh1 Rf8 28. Qh4 Qc7 29. fxg6 Qg7 30. gxh7+ Kh8 31. Rdf1 Rfe8 32. g6 Qxg6 33. Rhg1 Qe6 34. Qg3 Qh6+ 35. Kb1 Qxh7 36. Rh1 Rh5 37. Rxh5 Qxh5 38. Be2 Qh7 39. Bg4 Qxe4+ 40. Ka1 Bxc4 41. Bf3 Bxf1 42. Bxe4 Rxe4 43. Qh2+ Kg7 44. Qg1+ Kf6 45. Qxf1+ Ke5 46. Qc4 c5 47. Ka2 Re3 48. a4 a5 49. Qb5 d3 50. Kb1 Re1+ 51. Ka2 d2 52. Qe8+ Kd4 53. Qh8+ Kd3 54. Qh3+ Re3 55. Qf5+ Ke2 56. Qg4+ Rf3 57. Qe4+ Kf2 58. Qd5 Ke1 59. Qxf3 d1=Q 60. Qe3+ Qe2 61. Qc1+ Kf2 62. Qf4+ Ke1 63. Qxd6 Qc4+ 64. Ka3 Qb4+ 65. Ka2 Qxa4+ 66. Kb1 Qb4 67. Qe5+ Kd2 68. Qd5+ Ke3 69. Qd1 Qe4+ 70. Ka1 Qc4 71. Qe1+ Kd3 72. Qxa5 Kc2 73. Qa8 Qf1+ 74. Ka2 Qb1+ 75. Ka3 Qxb2+ 76. Ka4 Qb4# 0-1


[Site "https://www.chess.com"]

[Event "Titled Tuesday Blitz February 21 Early 2023"]
[White "Ahmadzada, Ahmad"]
[Black "Abdilkhair, Abilmansur"]
[WhiteFideId "13413007"]
[BlackFideId "13716417"]
[WhiteElo "2488"]
[BlackElo "2268"]
[Result "1-0"]
[Round "01"]
[TimeControl "180+2"]
[Date "2023.02.21"]
[WhiteClock "0:00:16"]
[BlackClock "0:00:03"]

1. Nf3 Nf6 2. g3 e6 3. Bg2 Be7 4. O-O O-O 5. c4 d5 6. b3 c5 7. Bb2 dxc4 8. bxc4 Nc6 9. Nc3 b6 10. e3 Bb7 11. Qe2 Qc8 12. Ne1 Rd8 13. f4 Nb4 14. a3 Bxg2 15. Kxg2 Nc6 16. g4 Qb7 17. Kg1 Na5 18. d3 Rd7 19. f5 exf5 20. gxf5 Rad8 21. Rd1 Bd6 22. Nf3 Re8 23. e4 Ng4 24. Nd5 f6 25. Qg2 Be5 26. Nxe5 Nxe5 27. Nxf6+ Kf7 28. Nxe8 Nxd3 29. Nxg7 Nxc4 30. Ne6 Ke7 31. Rxd3 Rxd3 32. Qg7+ Kd6 33. Qxb7 Nxb2 34. Qc7# 1-0


[Site "https://www.chess.com"]

[Event "Titled Tuesday Blitz February 21 Early 2023"]
[White "Ziatdinov, Raset"]
[Black "Boruchovsky, Avital"]
[WhiteFideId "2015323"]
[BlackFideId "2800055"]
[WhiteElo "2101"]
[BlackElo "2539"]
[Result "0-1"]
[Round "01"]
[TimeControl "180+2"]
[Date "2023.02.21"]
[WhiteClock "0:00:20"]
[BlackClock "0:00:13"]

1. e4 c5 2. Nc3 d6 3. g3 Nc6 4. Bg2 h5 5. h4 g6 6. Nh3 Nf6 7. O-O Bh6 8. Ng5 Bg4 9. f3 Bd7 10. d3 Nd4 11. Be3 Qc7 12. Qd2 Bg7 13. Nd1 Ne6 14. Nf2 Nxg5 15. hxg5 Nh7 16. f4 Bxb2 17. Rab1 Bg7 18. e5 Bc6 19. exd6 exd6 20. Ne4 O-O-O 21. d4 Rhe8 22. d5 Bd7 23. Rb3 f5 24. Nf2 Kb8 25. Rfb1 Bc8 26. Bf1 Nf8 27. Ba6 b6 28. Bb5 Nd7 29. a4 Re7 30. a5 Bb7 31. axb6 Nxb6 32. c4 h4 33. Kg2 hxg3 34. Kxg3 Rh8 35. Rh1 Rxh1 36. Nxh1 a6 37. Bc6 Bxc6 38. dxc6 Qxc6 39. Nf2 Ka7 40. Qc2 Bd4 41. Bd2 Re2 42. Qd3 Rxf2 0-1


[Site "https://www.chess.com"]

[Event "Titled Tuesday Blitz February 21 Early 2023"]
[White "Zemlyanskii, Ivan"]
[Black "Ouakhir, Pierre Mehdi"]
[WhiteFideId "24249971"]
[BlackFideId "9000437"]
[WhiteElo "2300"]
[BlackElo "2212"]
[Result "1-0"]
[Round "01"]
[TimeControl "180+2"]
[Date "2023.02.21"]
[WhiteClock "0:00:15"]
[BlackClock "0:00:41"]

1. d4 d5 2. Bf4 Nf6 3. e3 c5 4. c3 e6 5. Nf3 Bd6 6. Bg3 O-O 7. Nbd2 Qc7 8. Bd3 Nbd7 9. e4 dxe4 10. Nxe4 Nxe4 11. Bxe4 h6 12. O-O Bxg3 13. hxg3 Nf6 14. Bc2 Rd8 15. Qe2 b6 16. Qe5 Qxe5 17. dxe5 Ng4 18. Be4 Rb8 19. Rfd1 Ba6 20. Rxd8+ Rxd8 21. Re1 Kf8 22. b3 Ke7 23. c4 h5 24. Bc6 Rc8 25. Be4 Rc7 26. Bc2 Bb7 27. Ng5 Rd7 28. f3 Rd2 29. Be4 Bxe4 30. Nxe4 Rxa2 31. fxg4 hxg4 32. Nd6 Ra3 33. Rb1 f6 34. Nb5 Ra2 35. exf6+ gxf6 36. Rd1 Rb2 37. Rd3 f5 38. Nxa7 e5 39. Nc8+ Ke6 40. Rd6+ Kf7 41. Rxb6 f4 42. Nd6+ Ke6 43. gxf4 g3 44. Ne4+ Kf5 45. Nxg3+ Kxf4 46. Nf1 e4 47. Rf6+ Ke5 48. Rf2 Rxb3 49. g4 Kd4 50. g5 Rb6 51. Rf6 Rb7 52. Nd2 e3 53. Nf3+ Kxc4 54. Rd6 Rf7 55. Ne5+ Kc3 56. Nxf7 c4 57. g6 e2 58. Kf2 Kb2 59. g7 c3 60. g8=Q c2 61. Qb8+ Kc3 62. Qc7+ Kb2 63. Rb6+ Kc1 64. Qf4+ Kd1 65. Rd6# 1-0


[Site "https://www.chess.com"]

[Event "Titled Tuesday Blitz February 21 Early 2023"]
[White "Matko, Ognjen"]
[Black "Kukhmazov, Arsen"]
[WhiteFideId "14509717"]
[BlackFideId "24108260"]
[WhiteElo "2295"]
[BlackElo "2512"]
[Result "0-1"]
[Round "01"]
[TimeControl "180+2"]
[Date "2023.02.21"]
[WhiteClock "0:00:06"]
[BlackClock "0:00:48"]

1. e4 e5 2. Nf3 Nc6 3. d4 exd4 4. Nxd4 Nf6 5. Nxc6 bxc6 6. e5 Qe7 7. Qe2 Nd5 8. c4 Ba6 9. b3 g6 10. Bb2 Bg7 11. Nd2 O-O 12. O-O-O Rfe8 13. Nf3 Rad8 14. Qd2 Nb6 15. Bd3 d5 16. exd6 Rxd6 17. Bxg7 Kxg7 18. Rhe1 Re6 19. Qc3+ Qf6 20. Qxf6+ Kxf6 21. Rxe6+ Rxe6 22. Kd2 Nd7 23. Bc2 c5 24. Re1 Rd6+ 25. Kc3 Bb7 26. Be4 Bxe4 27. Rxe4 g5 28. h4 h6 29. hxg5+ hxg5 30. g3 Kf5 31. Re3 f6 32. Nd2 Rd4 33. Ne4 Rxe4 34. Rd3 Re7 35. f3 Ke6 36. g4 Ne5 37. Rd5 Nxf3 38. Rxc5 Ne5 39. Ra5 Nxg4 40. Rxa7 f5 41. Ra8 f4 42. a4 f3 43. Kd3 Kf5 44. Rf8+ Nf6 0-1


[Site "https://www.chess.com"]

[Event "Titled Tuesday Blitz February 21 Early 2023"]
[White "Tatarinov, Dmitry"]
[Black "Rottenwohrer Suarez, Juan"]
[WhiteFideId "24160067"]
[BlackFideId "32068182"]
[WhiteElo "2310"]
[BlackElo "2265"]
[Result "1-0"]
[Round "01"]
[TimeControl "180+2"]
[Date "2023.02.21"]
[WhiteClock "0:01:06"]
[BlackClock "0:00:06"]

1. e4 c5 2. Nf3 g6 3. c3 d5 4. exd5 Qxd5 5. d4 Bg7 6. Be3 cxd4 7. cxd4 Nf6 8. Nc3 Qa5 9. Bc4 O-O 10. O-O Nbd7 11. Qb3 Nb6 12. Be2 Be6 13. Qb5 Qxb5 14. Nxb5 Bc4 15. Bxc4 Nxc4 16. b3 Nb6 17. Rac1 Nbd5 18. Nc7 Rac8 19. Nxd5 Nxd5 20. Rc4 Rc7 21. Rfc1 Rfc8 22. Kf1 e6 23. Ke2 Bf8 24. Ne5 Ba3 25. R1c2 b5 26. Rxc7 Rxc7 27. Rxc7 Nxc7 28. Nc6 a6 29. Kd3 Nd5 30. Bd2 Bd6 31. g3 h5 32. h4 Kf8 33. Na5 Bb4 34. Nc6 Bxd2 35. Kxd2 Ke8 36. a3 f6 37. Kd3 Kd7 38. Nb8+ Kc7 39. Nxa6+ Kb6 40. Nc5 e5 41. a4 Nb4+ 42. Ke4 exd4 43. Kxd4 Nc6+ 44. Kd5 Ne7+ 45. Ke6 Kxc5 46. Kxe7 b4 47. Kxf6 Kd4 48. Kxg6 Kc3 49. a5 Kxb3 50. a6 Kc2 51. a7 b3 52. a8=Q b2 53. Qe4+ 1-0


[Site "https://www.chess.com"]

[Event "Titled Tuesday Blitz February 21 Early 2023"]
[White "Gatterer, Florian"]
[Black "Fier, Alexandr"]
[WhiteFideId "811688"]
[BlackFideId "2107139"]
[WhiteElo "2170"]
[BlackElo "2589"]
[Result "1-0"]
[Round "01"]
[TimeControl "180+2"]
[Date "2023.02.21"]
[WhiteClock "0:00:31"]
[BlackClock "0:01:12"]

1. c4 c5 2. Nf3 b6 3. g3 Bb7 4. Bg2 e6 5. Nc3 Nf6 6. O-O a6 7. d4 cxd4 8. Nxd4 Bxg2 9. Kxg2 Qc7 10. Qd3 Nc6 11. Nxc6 Qxc6+ 12. f3 Rc8 13. c5 bxc5 14. e4 d6 15. Bf4 Be7 16. Rfd1 Rd8 17. Rac1 O-O 18. b4 c4 19. Qe2 Rfe8 20. a3 d5 21. e5 Nd7 22. h4 a5 23. b5 Qb7 24. a4 Bb4 25. h5 Nc5 26. h6 g6 27. Bg5 Nb3 28. Rc2 Rd7 29. Na2 Bf8 30. g4 Rc8 31. Nc3 d4 32. Ne4 d3 33. Nf6+ Kh8 34. Qf2 Rd4 35. Rc3 Bb4 36. Rxb3 Rcd8 37. Rxb4 axb4 38. Ne4 c3 39. Bxd8 Rxd8 40. Qh4 1-0


[Site "https://www.chess.com"]

[Event "Titled Tuesday Blitz February 21 Early 2023"]
[White "Real_OceanStorm"]
[Black "Bon, Michael"]
[BlackFideId "620696"]
[WhiteElo "2781"]
[BlackElo "2394"]
[Result "1-0"]
[Round "01"]
[TimeControl "180+2"]
[Date "2023.02.21"]
[WhiteClock "0:00:04"]
[BlackClock "0:00:02"]

1. e4 c5 2. Nf3 d6 3. c3 Nf6 4. Qc2 g6 5. d4 Bg7 6. h3 O-O 7. Be2 cxd4 8. cxd4 Nc6 9. d5 Nb4 10. Qc4 a5 11. O-O b5 12. Qb3 Nxe4 13. Nc3 Nc5 14. Qd1 Bf5 15. Ne1 a4 16. Nxb5 Be4 17. Bf3 Bxf3 18. Nxf3 Qb6 19. Nc3 Nbd3 20. Qc2 Rfc8 21. Rd1 Nxc1 22. Raxc1 a3 23. bxa3 Rxa3 24. Nb1 Raa8 25. Nd4 1-0


[Site "https://www.chess.com"]

[Event "Titled Tuesday Blitz February 21 Early 2023"]
[White "Sargissyan, Sargis"]
[Black "Fernandez Guillen, Ernesto J."]
[WhiteFideId "13303210"]
[BlackFideId "3512428"]
[WhiteElo "2234"]
[BlackElo "2477"]
[Result "0-1"]
[Round "01"]
[TimeControl "180+2"]
[Date "2023.02.21"]
[WhiteClock "0:00:04"]
[BlackClock "0:00:10"]

1. e4 e5 2. Nf3 Nc6 3. Bb5 f5 4. Nc3 fxe4 5. Nxe4 d5 6. Nxe5 dxe4 7. Nxc6 Qg5 8. Qe2 Nf6 9. f4 Qh4+ 10. g3 Qh3 11. Ne5+ c6 12. Bc4 Bc5 13. d4 Bxd4 14. Be3 Bxe5 15. fxe5 Bg4 16. Qf1 Nd5 17. Qxh3 Bxh3 18. Bxd5 cxd5 19. O-O-O Be6 20. Rhf1 b6 21. Kb1 Rc8 22. c3 Rc7 23. a4 h5 24. h4 Rc4 25. a5 bxa5 26. Bxa7 a4 27. Bd4 Ke7 28. Kc2 Bg4 29. Ra1 Rb8 30. Rf2 Bf3 31. Ra3 Ke6 32. b4 Rbxb4 33. Kc1 Rxd4 34. cxd4 Rxd4 35. Rb2 Rd1+ 36. Kc2 Rg1 37. Rb7 Rxg3 38. Rxa4 Kxe5 39. Ra5 Rg2+ 40. Kc1 Kd4 41. Rd7 e3 42. Re7 Be4 43. Ra4+ Kd3 44. Ra3+ Ke2 45. Ra2+ Kf1 46. Rxg2 Kxg2 47. Kd1 Kf2 48. Rf7+ Bf3+ 49. Kc2 e2 0-1


[Site "https://www.chess.com"]

[Event "Titled Tuesday Blitz February 21 Early 2023"]
[White "Kilic, Eray"]
[Black "Martic, Ivan"]
[WhiteFideId "44517173"]
[BlackFideId "929301"]
[WhiteElo "2414"]
[BlackElo "2301"]
[Result "1-0"]
[Round "01"]
[TimeControl "180+2"]
[Date "2023.02.21"]
[WhiteClock "0:02:33"]
[BlackClock "0:01:49"]

1. d4 Nf6 2. Nc3 d5 3. Bf4 g6 4. e3 Bg7 5. h3 O-O 6. Nb5 Na6 7. Nf3 c6 8. Nc3 Nc7 9. Bd3 b6 10. O-O Bb7 11. e4 dxe4 12. Nxe4 Ncd5 13. Nxf6+ Bxf6 14. Bh6 Bg7 15. Qd2 c5 16. Bxg7 Kxg7 17. dxc5 bxc5 18. Be4 Rb8 19. Rad1 Qd6 20. Bxd5 Bxd5 21. Qxd5 Qxd5 22. Rxd5 Rxb2 23. Rxc5 Rxa2 24. Rc7 e6 25. Ng5 Kg8 26. Rd1 1-0


[Site "https://www.chess.com"]

[Event "Titled Tuesday Blitz February 21 Early 2023"]
[White "Jovic, Stanoje"]
[Black "Subelj, Jan"]
[WhiteFideId "905020"]
[BlackFideId "14618583"]
[WhiteElo "2075"]
[BlackElo "2513"]
[Result "0-1"]
[Round "01"]
[TimeControl "180+2"]
[Date "2023.02.21"]
[WhiteClock "0:00:07"]
[BlackClock "0:02:00"]

1. c4 b6 2. g3 Bb7 3. Nf3 g6 4. Bg2 Bg7 5. O-O Nf6 6. Nc3 O-O 7. Re1 Ne4 8. Qc2 Nxc3 9. bxc3 c5 10. d4 d6 11. e4 Nc6 12. Be3 e5 13. dxc5 dxc5 14. Red1 Qe7 15. Bh3 Rfd8 16. Rxd8+ Rxd8 17. Rd1 Na5 18. Rxd8+ Qxd8 19. Nd2 Ba6 20. Bf1 h5 21. h4 Kh7 22. Be2 Bh6 23. Bxh6 Kxh6 24. Qc1 Kg7 25. Qc2 Qd7 26. Kg2 Qe6 27. Qd3 Bb7 28. Qd8 Nc6 29. Qc7 Qe7 30. Qxe7 Nxe7 31. f3 Nc6 32. Kf2 Na5 33. Ke3 Kf6 34. Bf1 Ba6 35. Kd3 Ke7 36. Bh3 Kd6 37. g4 Bc8 38. Nf1 Ke7 39. Ne3 Be6 40. Nd5+ Kf8 41. Ne3 Kg7 42. Bf1 g5 43. hxg5 hxg4 44. fxg4 Kg6 45. Nd5 Kxg5 46. Nc7 Bxc4+ 0-1


[Site "https://www.chess.com"]

[Event "Titled Tuesday Blitz February 21 Early 2023"]
[White "Goltsev, Dmitry"]
[Black "Delorme, Axel"]
[WhiteFideId "24176710"]
[BlackFideId "632023"]
[WhiteElo "2269"]
[BlackElo "2483"]
[Result "0-1"]
[Round "01"]
[TimeControl "180+2"]
[Date "2023.02.21"]
[WhiteClock "0:02:10"]
[BlackClock "0:02:06"]

1. e4 c5 2. Nf3 d6 3. d4 cxd4 4. Nxd4 Nf6 5. Nc3 a6 6. Be2 e5 7. Nb3 Be6 8. Be3 Be7 9. Nd5 Nbd7 10. f3 Rc8 11. c4 O-O 12. O-O Bxd5 0-1


[Site "https://www.chess.com"]

[Event "Titled Tuesday Blitz February 21 Early 2023"]
[White "Goncalves, Davi Sulzbacher"]
[Black "Milikow, Yoav"]
[WhiteFideId "2154510"]
[BlackFideId "2822237"]
[WhiteElo "2282"]
[BlackElo "2394"]
[Result "0-1"]
[Round "01"]
[TimeControl "180+2"]
[Date "2023.02.21"]
[WhiteClock "0:00:04"]
[BlackClock "0:00:48"]

1. Nf3 d5 2. d4 Nf6 3. c4 e6 4. g3 Bb4+ 5. Bd2 Be7 6. Bg2 O-O 7. O-O c6 8. Qc2 Nbd7 9. Rd1 b6 10. Bf4 Nh5 11. Bc1 Ba6 12. b3 f5 13. Bb2 Rc8 14. Nbd2 Qe8 15. a4 Nhf6 16. a5 b5 17. Ne5 Nxe5 18. dxe5 Nd7 19. Nf3 bxc4 20. bxc4 Bxc4 21. a6 Nc5 22. Nd4 Qf7 23. Ba3 Nd7 24. Bxe7 Qxe7 25. Nf3 Rb8 26. Rdb1 Nc5 27. Nd4 Qd7 28. Qc3 Nxa6 29. Rxb8 Rxb8 30. h4 Rb6 31. Qa5 Kf7 32. f4 h6 33. h5 Qb7 34. Kh2 c5 35. Nf3 Bxe2 36. Nh4 Bxh5 37. Rd1 Bxd1 0-1


[Site "https://www.chess.com"]

[Event "Titled Tuesday Blitz February 21 Early 2023"]
[White "Halkias, Stelios"]
[Black "QuiesPrecatio"]
[WhiteFideId "4201809"]
[WhiteElo "2511"]
[BlackElo "2417"]
[Result "1-0"]
[Round "01"]
[TimeControl "180+2"]
[Date "2023.02.21"]
[WhiteClock "0:00:13"]
[BlackClock "0:00:06"]

1. d4 Nf6 2. Nf3 g6 3. c4 Bg7 4. g3 O-O 5. Bg2 d5 6. O-O dxc4 7. Na3 Nc6 8. Nxc4 Be6 9. b3 Bd5 10. Bb2 a5 11. Ne3 Be4 12. a3 Nd5 13. Nc4 Nb6 14. Ncd2 Bxf3 15. Nxf3 a4 16. Rc1 axb3 17. Qxb3 e6 18. Rfd1 Qd5 19. Qc2 Qb5 20. e4 Rfd8 21. Bf1 Qa4 22. Qxa4 Nxa4 23. Ba1 Nb6 24. Bb2 Na4 25. Ba1 Nb6 26. Rd3 Rd7 27. Rcd1 Na5 28. Rc3 c6 29. Rb1 Na4 30. Rcc1 b5 31. Be2 Nb6 32. d5 exd5 33. Bxg7 Kxg7 34. Ne5 Rd6 35. exd5 Nxd5 36. Bf3 Ra6 37. Rd1 f6 38. Nxc6 Raxc6 39. Rxd5 Rxd5 40. Bxd5 Rc5 41. Bf3 Nc4 42. Rb3 Nd2 43. Re3 Nb1 44. Re7+ Kh6 45. h4 Nxa3 46. Rb7 Nc4 47. Be2 Ne5 48. Kg2 Nc4 49. g4 Ne5 50. f4 Nf7 51. Bxb5 Nd6 52. g5+ fxg5 53. hxg5+ Kh5 54. Be2+ Kh4 55. Rxh7# 1-0


[Site "https://www.chess.com"]

[Event "Titled Tuesday Blitz February 21 Early 2023"]
[White "Gu, Xiaobing"]
[Black "Zahid, Sanatan"]
[WhiteFideId "8602611"]
[BlackFideId "10201963"]
[WhiteElo "2167"]
[BlackElo "1930"]
[Result "0-1"]
[Round "01"]
[TimeControl "180+2"]
[Date "2023.02.21"]
[WhiteClock "0:00:02"]
[BlackClock "0:01:19"]

1. e4 e6 2. d4 d5 3. exd5 exd5 4. Nf3 Nc6 5. Bd3 Bd6 6. O-O Nge7 7. Nc3 O-O 8. Nb5 Bf5 9. Re1 Re8 10. Bg5 f6 11. Nxd6 Qxd6 12. Bh4 Qd7 13. c3 Bxd3 14. Qxd3 Nf5 15. Bg3 Nce7 16. Re2 Ng6 17. Rae1 Rxe2 18. Qxe2 Kf7 19. Kf1 c6 20. a4 h5 21. h3 Nxg3+ 22. fxg3 Ne7 23. Kg1 Nf5 24. Qf2 Re8 25. Rxe8 Kxe8 26. Nh4 Nxh4 27. gxh4 Kf7 28. Qf3 g6 29. Qe3 Qe7 30. Qh6 Qf8 31. Qe3 a5 32. Qf4 Qe7 33. Qh6 Qf8 34. Qf4 Ke6 35. Qc7 Qe7 36. Qxa5 Kf5 37. Kh2 Kf4 38. Qa8 Ke3 39. Qh8 Kf2 40. Qh6 g5 41. hxg5 fxg5 42. Qxh5 Qd6+ 43. Kh1 Qe7 44. Qf3+ Ke1 45. Qd3 Qf6 46. Qg3+ Kd2 47. Qf3 Qe7 48. Qf2+ Kc1 49. Kh2 Qd6+ 50. Kh1 Kb1 51. g3 Qe6 52. h4 gxh4 53. gxh4 Qg4 54. Kh2 b6 55. Qg1+ Qxg1+ 56. Kxg1 Kxb2 57. h5 b5 58. h6 bxa4 59. h7 a3 60. h8=Q a2 61. Qb8+ Kxc3 0-1


[Site "https://www.chess.com"]

[Event "Titled Tuesday Blitz February 21 Early 2023"]
[White "Kislinsky, Alexey"]
[Black "Devaev, Alexander"]
[WhiteFideId "14108801"]
[BlackFideId "4169395"]
[WhiteElo "2357"]
[BlackElo "2325"]
[Result "1-0"]
[Round "01"]
[TimeControl "180+2"]
[Date "2023.02.21"]
[WhiteClock "0:02:01"]
[BlackClock "0:00:18"]

1. e4 c6 2. Nc3 d5 3. Qf3 e6 4. d4 Nf6 5. e5 Nfd7 6. Qg3 a6 7. Nf3 c5 8. dxc5 Nxc5 9. a3 Nc6 10. Bd3 b5 11. h4 Bb7 12. h5 h6 13. O-O d4 14. Ne4 Nxd3 15. cxd3 Na5 16. Nfd2 Qb6 17. b4 Nc6 18. Nb3 a5 19. Bd2 axb4 20. axb4 Ra4 21. Nbc5 Ra8 22. Rxa8+ Bxa8 23. Ra1 Bb7 24. Nd6+ Bxd6 25. exd6 Kf8 26. Nd7+ 1-0


[Site "https://www.chess.com"]

[Event "Titled Tuesday Blitz February 21 Early 2023"]
[White "Babikov, Ivan"]
[Black "Weetik, Vjacheslav"]
[WhiteFideId "4161106"]
[BlackFideId "4153472"]
[WhiteElo "2239"]
[BlackElo "2423"]
[Result "0-1"]
[Round "01"]
[TimeControl "180+2"]
[Date "2023.02.21"]
[WhiteClock "0:00:02"]
[BlackClock "0:00:04"]

1. Nf3 Nf6 2. g3 g6 3. Bg2 Bg7 4. O-O O-O 5. d4 d5 6. c4 c6 7. cxd5 cxd5 8. Nc3 e6 9. Ne5 Nfd7 10. Nxd7 Bxd7 11. Bf4 Nc6 12. e3 Na5 13. b3 Rc8 14. Rc1 Qb6 15. Qd2 Rfe8 16. Rfd1 Bf8 17. e4 Bb4 18. Qb2 dxe4 19. Nxe4 Be7 20. Bg5 Bxg5 21. Nxg5 Rxc1 22. Rxc1 Bc6 23. Ne4 Bxe4 24. Bxe4 Rd8 25. Rd1 Nc6 26. Bxc6 Qxc6 27. Rc1 Qd6 28. Rd1 Qd5 29. Rc1 Qxd4 30. Qxd4 Rxd4 31. Rc7 Rb4 32. Kf1 g5 33. Ke2 g4 34. Kd2 Kg7 35. Kc3 Rb6 36. a4 a6 37. b4 Kg6 38. a5 Rb5 39. Rc8 h6 40. Rg8+ Kf6 41. Rh8 h5 42. Rh6+ Kg5 43. Rh8 Kg6 44. Rg8+ Kf5 45. Rf8 f6 46. Rh8 Ke4 47. Re8 e5 48. Rf8 f5 49. Rf7 f4 50. gxf4 exf4 51. Re7+ Kf3 52. Rf7 h4 53. Rg7 h3 54. Rg6 Kxf2 55. Rxg4 f3 56. Kd3 Re5 57. Rg7 Kf1 58. Rxb7 f2 59. Rf7 Re8 60. Kd2 Rd8+ 61. Ke3 Ke1 0-1


[Site "https://www.chess.com"]

[Event "Titled Tuesday Blitz February 21 Early 2023"]
[White "Mischuk, Dmitry"]
[Black "Rengifo Blancas, Renzo Jhonathan"]
[WhiteFideId "14118734"]
[BlackFideId "3807185"]
[WhiteElo "2298"]
[BlackElo "2131"]
[Result "0-1"]
[Round "01"]
[TimeControl "180+2"]
[Date "2023.02.21"]
[WhiteClock "0:00:32"]
[BlackClock "0:00:37"]

1. e4 e5 2. Nf3 Nc6 3. Bc4 Bc5 4. c3 Nf6 5. d4 exd4 6. e5 d5 7. Bb5 Ne4 8. cxd4 Bb4+ 9. Nbd2 O-O 10. O-O Bxd2 11. Bxd2 f6 12. Bxc6 bxc6 13. h3 Rb8 14. b3 Qe8 15. exf6 Rxf6 16. Ne5 Ba6 17. Be3 Bxf1 18. Qxf1 c5 19. Ng4 Rg6 20. dxc5 h5 21. Nh2 Qf7 22. Qe2 c6 23. Nf3 Re8 24. Rc1 Ng5 25. Nxg5 Rxg5 26. Rd1 Rg6 27. Kh2 Qf5 28. Rd4 Qe5+ 29. g3 Qxd4 30. Qxh5 Qf6 0-1


[Site "https://www.chess.com"]

[Event "Titled Tuesday Blitz February 21 Early 2023"]
[White "Bas Mas, Jose Joaquin"]
[Black "Trost, Edvin"]
[WhiteFideId "22219064"]
[BlackFideId "1729519"]
[WhiteElo "2197"]
[BlackElo "2399"]
[Result "0-1"]
[Round "01"]
[TimeControl "180+2"]
[Date "2023.02.21"]
[WhiteClock "0:00:45"]
[BlackClock "0:02:01"]

1. e4 c5 2. Nc3 e6 3. g3 Nc6 4. Bg2 g6 5. d3 Bg7 6. Nf3 Nge7 7. O-O O-O 8. Re1 d6 9. h4 h6 10. Be3 Nd4 11. Qd2 Kh7 12. Nd1 Nec6 13. c3 Nxf3+ 14. Bxf3 Rb8 15. a4 b6 16. Bg2 Bb7 17. f4 d5 18. exd5 exd5 19. Bf2 Qd7 20. Kh2 Rbe8 21. Ne3 d4 22. Nc4 dxc3 23. bxc3 Ba6 24. Qc2 Rd8 25. Rad1 Qf5 26. Bh3 Qf6 27. h5 Qxc3 28. hxg6+ fxg6 29. Qb1 Rfe8 30. Rxe8 Rxe8 31. Bd7 Re2 32. Kg1 Bd4 33. Rf1 Bxc4 34. Bxc6 Bxd3 35. Qc1 Rxf2 36. Qxc3 Rxf1+ 37. Kg2 Bxc3 0-1


[Site "https://www.chess.com"]

[Event "Titled Tuesday Blitz February 21 Early 2023"]
[White "Oro, Faustino"]
[Black "Rangel, Daniel"]
[WhiteFideId "20000197"]
[BlackFideId "2124475"]
[WhiteElo "2269"]
[BlackElo "2207"]
[Result "1-0"]
[Round "01"]
[TimeControl "180+2"]
[Date "2023.02.21"]
[WhiteClock "0:00:16"]
[BlackClock "0:00:04"]

1. e4 c5 2. Nf3 g6 3. d4 cxd4 4. Nxd4 Bg7 5. c4 Nc6 6. Be3 Nf6 7. Nc3 O-O 8. f3 Nxd4 9. Bxd4 d6 10. Be2 Bd7 11. O-O Bc6 12. Qd2 Nd7 13. Be3 a5 14. b3 Nc5 15. Rac1 e6 16. Rfd1 Be5 17. Bf2 b6 18. Qe3 g5 19. g3 Kh8 20. Bf1 f5 21. exf5 Rxf5 22. Bg2 Qf6 23. Ne4 Bxe4 24. fxe4 Rxf2 25. Qxf2 Qg7 26. Qe2 h6 27. Rf1 Rf8 28. Bh3 Bd4+ 29. Kh1 Rg8 30. Qh5 Bf6 31. Rce1 Nd3 32. Re2 Rf8 33. Bxe6 Bd4 34. Bf5 Ne5 35. Rd2 Bc5 36. Rg2 Rf6 37. h4 g4 38. Qe8+ Rf8 39. Qh5 Rf6 40. Rd2 Qf8 41. Rd5 Qg7 42. Kg2 Qf8 43. Rfd1 Kg7 44. Rxe5 dxe5 45. Rd7+ Rf7 46. Qxg4+ Kh8 47. Rd5 Bd4 48. Qg6 Qg7 49. Rd8+ Rf8 50. Rxf8+ Qxf8 51. Qh7# 1-0


[Site "https://www.chess.com"]